 Dungeon Crawl Stone Soup version 0.25.1-8-g42b30a86e7 (webtiles) character file.

Game seed: 5148549520316397702

282 Clowwww the Chopper (level 6, 36/48 HPs)
             Began as a Demonspawn Fighter on Dec 21, 2020.
             Quit the game on level 5 of the Dungeon on Dec 23, 2020.
             The game lasted 00:07:00 (4166 turns).

Clowwww the Chopper (Demonspawn Fighter)            Turns: 4166, Time: 00:07:01

Health: 36/48      AC: 10    Str: 18    XL:     6   Next: 6%
Magic:  6/6        EV:  7    Int:  9    God:
Gold:   200        SH:  9    Dex: 13    Spells: 5/5 levels left

rFire    . . .     SeeInvis .   a - +0 war axe
rCold    . . .     Gourm    .   c - +0 kite shield
rNeg     . . .     Faith    .   b - +0 scale mail
rPois    .         Spirit   .   m - +2 hat
rElec    .         Reflect  .   (no cloak)
rCorr    .         Harm     .   (no gloves)
MR       .....                  h - +0 pair of boots
Stlth    ++........             (no amulet)
HPRegen  0.16/turn              (no ring)
MPRegen  0.10/turn              (no ring)

@: no status effects
A: claws 2, nightstalker 2
a: no special abilities


You were on level 5 of the Dungeon.
You were hungry.

You visited 1 branch of the dungeon, and saw 5 of its levels.

You collected 200 gold pieces.

Inventory:

Hand Weapons
 a - a +0 war axe (weapon)
Missiles
 g - 4 boomerangs (quivered)
Armour
 b - a +0 scale mail (worn)
 c - a +0 kite shield (worn)
 h - a +0 pair of boots (worn)
 m - a +2 hat (worn)
Jewellery
 y - an uncursed ring of protection from magic {unknown}
Wands
 l - a wand of paralysis (5)
 n - a wand of digging (7)
 s - a wand of acid (7)
 x - a wand of clouds (7)
Scrolls
 e - 11 scrolls of identify {unknown}
 i - a scroll of amnesia {unknown}
 j - a scroll of teleportation {unknown}
 k - 2 scrolls of remove curse {unknown}
 o - a scroll of fear {unknown}
 p - a scroll of magic mapping {unknown}
 t - a scroll of immolation {unknown}
 u - 2 scrolls of enchant armour {unknown}
 v - a scroll of fog {unknown}
Potions
 d - a potion of might
 q - 2 potions of curing {unknown}
 r - 4 potions of haste {unknown}
 w - a potion of invisibility {unknown}
Comestibles
 f - 14 rations
 z - 2 chunks of flesh


   Skills:
 + Level 3.7 Fighting
 + Level 3.9 Axes
 + Level 0.7 Throwing
 + Level 3.3 Armour
 + Level 1.2 Dodging
 + Level 0.6 Stealth
 + Level 3.5 Shields
 + Level 0.1 Evocations


You had 5 spell levels left.
You didn't know any spells.
Your spell library contained the following spells:

 Spells                   Type           Power        Failure   Level  Hunger
 Beastly Appendage        Tmut           #.....       99%         1    ##.....
 Sticks to Snakes         Tmut           #.......     100%        2    ###....
 Spider Form              Tmut/Pois      #.........   100%        3    ####...
 Ice Form                 Ice/Tmut       #.......     100%        4    #####..
 Blade Hands              Tmut           #.........   100%        5    ######.


Dungeon Overview and Level Annotations

Branches:
Dungeon (5/15)
 Temple: D:4-7

Altars:


Innate Abilities, Weirdness & Mutations

You have very sharp fingernails.
You are significantly more attuned to the shadows.


Message History

The killer bee zombie is severely damaged.
The killer bee zombie hits you.
The killer bee zombie hits you but does no damage.
Your scale mail prevents you from hitting the killer bee zombie.
The killer bee zombie is severely damaged.
The killer bee zombie hits you but does no damage.
You block the killer bee zombie's attack.
The killer bee zombie closely misses you.
You slash the killer bee zombie!
The killer bee zombie is almost destroyed.
The killer bee zombie hits you but does no damage.
The killer bee zombie barely misses you.
You hit the killer bee zombie.
You destroy the killer bee zombie!
You have reached level 6!
Your experience leads to an increase in your attributes!
Increase (S)trength, (I)ntelligence, or (D)exterity?
You feel stronger.
Your demonic ancestry asserts itself...
Your fingernails sharpen.
Are you sure you want to abandon this character and quit the game? (Confirm with "yes".)

#......#....#
#......#...##
#......#...###
#......#......
#......#......
#......#......
#......#'#####+##
######................
...............>@.....
.............^........
......................
.................#.#.#
.................... .
.................#.#.


There were no monsters in sight!

Vanquished Creatures
  Blork the orc (D:4)
  A quasit (D:3)
  An orc priest (D:3)
  A killer bee zombie (D:5)
  Robin (D:4)
  2 adders
  An ooze (D:3)
  An adder skeleton (D:5)
  2 worms
  4 dart slugs
  2 leopard geckos
  8 orcs
  4 giant cockroaches
  15 goblins
  8 hobgoblins
  4 jackals (D:3)
  3 kobolds (D:2)
  3 quokkas
  7 bats
  A frilled lizard (D:2)
  A jackal skeleton (D:4)
  A leopard gecko skeleton (D:4)
  7 rats
79 creatures vanquished.

Notes
Turn   | Place    | Note
-------+----------+-------------------------------------------
     0 | D:1      | Clowwww the Demonspawn Fighter began the quest for the Orb.
     0 | D:1      | Reached XP level 1. HP: 18/18 MP: 1/1
   207 | D:1      | Gained mutation: You have sharp fingernails. [demonic
                  | ancestry]
   207 | D:1      | Reached XP level 2. HP: 24/24 MP: 2/2
  1004 | D:2      | Gained mutation: You are slightly more attuned to the
                  | shadows. [demonic ancestry]
  1004 | D:2      | Reached XP level 3. HP: 29/29 MP: 3/3
  1341 | D:2      | Found a faded altar of an unknown god.
  1535 | D:3      | Gained mutation: You are significantly more attuned to the
                  | shadows. [demonic ancestry]
  1535 | D:3      | Reached XP level 4. HP: 21/35 MP: 4/4
  2179 | D:3      | Reached XP level 5. HP: 27/41 MP: 5/5
  2862 | D:4      | Noticed a water moccasin
  2862 | D:4      | Noticed an orc warrior
  2906 | D:4      | Noticed Robin
  2917 | D:4      | Killed Robin
  3261 | D:4      | Noticed Blork the orc
  3293 | D:4      | Killed Blork the orc
  3293 | D:4      | Reached skill level 1 in Dodging
  4050 | D:5      | Entered Level 5 of the Dungeon
  4165 | D:5      | Gained mutation: You have very sharp fingernails. [demonic
                  | ancestry]
  4165 | D:5      | Reached XP level 6. HP: 36/48 MP: 6/6
  4166 | D:5      | Quit the game

Illustrated notes

Levels and vault maps discovered:
D:1:      dpeg_arrival_rhombus, layout_loops_ring, bh_walls_and_bars
D:2:      layout_loops_ring, first_ration,
          chequers_ecumenical_altar_simple_redux
D:3:      layout_basic
D:4:      layout_rooms, lightli_corner_chamber, uniq_robin, uniq_blork_the_orc
D:5:      layout_gridville, st_stairs_11

Skill      XL: |  1  2  3  4  5 |
---------------+----------------+-----
Shields        | 3 |  3.5
Axes           | 2 3 |  3.9
Armour         | 3 |  3.3
Dodging        | 1 |  1.2
Fighting       | |  3.7
Throwing       | |  0.7
Stealth        | |  0.6
Evocations     | |  0.1

Action                   |  1- 3 |  4- 6 || total
-------------------------+-------+-------++-------
Melee: War axe           |    86 |   148 ||   234
Throw: Boomerang         |     1 |     5 ||     6
Evoke: Wand              |       |     4 ||     4
 Stab: Sleeping          |       |     5 ||     5
  Eat: Chunk             |     2 |     8 ||    10
Armor: Scale mail        |    77 |    83 ||   160
Dodge: Dodged            |    46 |    63 ||   109
Block: Kite shield       |    53 |    74 ||   127
